 Dungeon Crawl Stone Soup version 0.29-a0-344-ge2f44be95a (webtiles) character file.

Game seed: 3816330626452591344

75 spaghetti the Covered (level 4, -4/32 HPs)
             Began as a Formicid Wanderer on Apr 21, 2022.
             Slain by a worm (6 damage)
             ... on level 2 of the Dungeon.
             The game lasted 00:02:57 (2381 turns).

spaghetti the Covered (Formicid Wanderer)           Turns: 2381, Time: 00:02:58

Health: -4/32      AC:  9    Str: 19    XL:     4   Next: 55%
Magic:  4/4        EV:  9    Int: 10    God:
Gold:   48         SH:  3    Dex: 11    Spells: 3/3 levels left

rFire   . . .      SeeInvis +   a - +0 hand axe {axe}
rCold   . . .      Faith    .   c - +0 buckler
rNeg    . . .      Spirit   .   b - +2 scale mail
rPois   .          Reflect  .   (helmet unavailable)
rElec   .          Harm     .   (no cloak)
rCorr   .          Rampage  .   (no gloves)
Will    .....                   (no boots)
Stlth   ..........              (no amulet)
HPRegen 0.10/turn               (no ring)
MPRegen 0.09/turn               (no ring)

@: attractive, flying
A: permanent stasis, dig shafts and tunnels, antennae 3, four strong arms
a: Dig, Shaft Self


You were on level 2 of the Dungeon.
You visited 1 branch of the dungeon, and saw 2 of its levels.

You collected 48 gold pieces.


Innate Abilities, Weirdness & Mutations

You cannot be hasted, slowed, berserked, paralysed or teleported.
You can dig through walls and to a lower floor.
You have a pair of large antennae on your head. (SInv)
Your four strong arms can wield two-handed weapons with a shield.


   Skills:
 - Level 1.1 Fighting
 - Level 1.0 Axes
 + Level 6.0 Armour
 - Level 1.2 Stealth
 - Level 1.2 Shields
 * Level 3.0 Summonings
 - Level 1.1 Evocations


You had 3 spell levels left.
You didn't know any spells.
Your spell library contained the following spells:

 Spells                   Type           Power      Damage    Failure   Level
 Scorch                   Fire           0%         2d5       89%         2
 Dazzling Flash           Conj/Hex       0%         N/A       98%         3
 Flame Wave               Conj/Fire      0%         2d4       100%        4
 Agony                    Necr           0%         N/A       100%        5
 Silence                  Hex/Air        0%         N/A       100%        5
 Summon Cactus Giant      Summ           3%         N/A       100%        6

Inventory:

Hand Weapons
 a - a +0 hand axe (weapon) {axe}
Missiles
 i - 26 stones (quivered) {throwing}
Armour
 b - a +2 scale mail (worn)
 c - a +0 buckler (worn)
Magical Staves
 k - a staff of conjuration {!a@e2staff}
   (You found it on level 2 of the Dungeon)
Scrolls
 d - 2 scrolls of fear {unknown}
 h - a scroll of identify {unknown}
 j - a scroll of amnesia {unknown}
 l - a scroll of teleportation {unknown}
Potions
 e - 2 potions of attraction {!q}
 f - a potion of flight

Dungeon Overview and Level Annotations

Branches:
Dungeon (2/15)

Altars:
The Shining One

##+## ####.#.).....#.####.# #
##...## ####.....#### #####
#.....## ##...## ### #≈ .......##
#### #.....# ###.####≈
........####..####...####.....#≈≈
........'......# ##.## #.......≈≈
........####...###... ###....≈≈≈
.......## ##.##w##.## ##.#.≈≈≈
#.....## #....@....# ###.≈≈≈
##...## #...##.###.# #.≈≈≈ ##+##
#..#>.#.# #.### #.###.$.# #.# #.
.### #.# # .. #.# ## #.### #.#..
#....


You could see a worm.


Message History

The adder bites you but does no damage.
Your Armour skill increases to level 6!
You closely miss the adder. You block the adder's attack.
The adder barely misses you.
You barely miss the adder. The adder closely misses you.
You miss the adder. The adder barely misses you.
The adder bites you but does no damage.
You hit the adder. The adder bites you but does no damage.
The adder bites you. 😕 HP[-1]
You take 1 damage, and now have 29/32 hp.
You closely miss the adder. The adder bites you.
You hit the adder. You block the adder's attack.
The adder bites you but does no damage.
You closely miss the adder. The adder closely misses you.
You block the adder's attack.
You barely miss the adder. The adder barely misses you.
The adder bites you but does no damage.
You miss the adder. The adder barely misses you.
You hit the adder.
The adder bites you but does no damage. x2
You miss the adder. The adder bites you but does no damage.
The adder barely misses you.
You hit the adder.
You kill the adder!
Your Summonings skill increases to level 3!
You hit the hobgoblin but do no damage.
The hobgoblin barely misses you. 😕 HP[+1]
You hit the hobgoblin. You block the hobgoblin's attack.
You hit the hobgoblin.
You kill the hobgoblin!
You slash the worm! The worm bites you. 😕 HP[-2]
You take 2 damage, and now have 28/32 hp.
You completely miss the worm. You hit the worm. You block the worm's attack.
You hit the worm. The worm bites you but does no damage.
You slash the worm! The worm bites you! 😮 HP[-6]
You take 6 damage, and now have 22/32 hp.
You hit the worm.
You kill the worm!
There is an open door, spattered with blood here.
You see here a worm corpse.
Key pressed, stopping explore.
Key pressed, stopping explore.
e - 3 glowing yellow potions (gained 1)
You open the door.
There is an open door here.
You sense a monster nearby. 😎 HP[+10]
Your hp is fully restored (32).
Found an escape hatch in the floor.
A worm comes into view.
The worm moves out of view.
No target in view!
The worm bites you. 😕 HP[-5]
You take 5 damage, and now have 27/32 hp.
You hit the worm. The worm closely misses you.
You hit the worm. The worm bites you. 😕 HP[-2]
You take 2 damage, and now have 25/32 hp.
You barely miss the worm. The worm bites you but does no damage.
You hit the worm. The worm bites you. 😮 HP[-4]
You take 4 damage, and now have 21/32 hp.
You barely miss the worm. You hit the worm. The worm barely misses you.
You hit the worm but do no damage. The worm bites you.
* * * LOW HITPOINT WARNING * * *
😨 HP[-5]
You take 5 damage, and now have 16/32 hp.
You barely miss the worm. The worm bites you but does no damage.
You barely miss the worm. You hit the worm. The worm bites you.
* * * LOW HITPOINT WARNING * * *
😨 HP[-1]
You take 1 damage, and now have 15/32 hp.
You barely miss the worm. The worm barely misses you.
You hit the worm but do no damage. The worm bites you!
* * * LOW HITPOINT WARNING * * *
😱 HP[-9]
You take 9 damage, and now have 6/32 hp.
MASSIVE DAMAGE!! (PAUSE) It was a potion of attraction.
You feel attractive to monsters.
You barely miss the worm. The worm completely misses you.
You hit the worm but do no damage.
The worm bites you but does no damage. 😱 HP[+1] Unknown command.
It was a potion of flight.
You feel very buoyant.
You fly up into the air.
It was a potion of berserk rage.
Your stasis prevents you from going berserk.
The worm bites you.
* * * LOW HITPOINT WARNING * * *
😱 HP[-5]
You take 5 damage, and now have 2/32 hp.
You hit the worm. The worm bites you.
You die...

Skill      XL: |  1  2  3  4 |
---------------+-------------+-----
Summonings     | 1 2 3 |  3.0
Armour         | 6 |  6.0
Fighting       | |  1.1
Axes           | |  1.0
Stealth        | |  1.2
Shields        | |  1.2
Evocations     | |  1.1

Action                   |  1- 3 |  4- 6 || total
-------------------------+-------+-------++-------
Melee: Hand axe          |   105 |    48 ||   153
  Use: Potion            |     1 |     3 ||     4
Armor: Scale mail        |    64 |    15 ||    79
Dodge: Dodged            |    45 |    17 ||    62
Block: Buckler           |    18 |     5 ||    23

Levels and vault maps discovered:
D:1:      moated_graveyard_arrival, layout_basic,
          hellmonk_ecumenical_altar_arch_garden, chequers_serial_rivers_small_3
D:2:      wander_river, layout_loops_corners, basic_altar,
          nicolae_figureground_sparkle

Notes
Turn   | Place    | Note
-------+----------+-------------------------------------------
     0 | D:1      | spaghetti the Formicid Wanderer began the quest for the
                  | Orb.
     0 | D:1      | spaghetti set off with the following items: a +0 hand axe
                  | {axe}, a +2 scale mail, a +0 buckler, a potion of heal
                  | wounds {@q2}
     0 | D:1      | Reached XP level 1. HP: 15/15 MP: 1/1
     0 | D:1      | magus.rc [v1.9.6]
     9 | D:1      | You pick up a book of the Senses and begin reading...
     9 | D:1      | You add the spells Dazzling Flash, Agony and Silence to
                  | your library.
    21 | D:1      | You pick up a book of Scorching and begin reading...
    21 | D:1      | You add the spells Scorch, Flame Wave and Summon Cactus
                  | Giant to your library.
   303 | D:1      | Reached skill level 1 in Summonings
   303 | D:1      | Reached XP level 2. HP: 21/21 MP: 2/2
   552 | D:1      | Found a faded altar of an unknown god.
   786 | D:1      | Reached XP level 3. HP: 22/26 MP: 3/3
  1335 | D:2      | Reached skill level 2 in Summonings
  1887 | D:2      | Found a glowing golden altar of the Shining One.
  1922 | D:2      | Reached XP level 4. HP: 28/32 MP: 4/4
  2223 | D:2      | Reached skill level 6 in Armour
  2235 | D:2      | Reached skill level 3 in Summonings
  2375 | D:2      | HP: 6/32 [worm (9)]
  2380 | D:2      | HP: 2/32 [worm (5)]
  2381 | D:2      | Slain by a worm

Vanquished Creatures
  3 adders (D:2)
  2 worms (D:2)
  A dart slug (D:1)
  7 endoplasms
  3 giant cockroaches
  3 goblins
  4 hobgoblins
  2 kobolds
  4 ball pythons
  5 bats
  2 frilled lizards (D:1)
  4 rats
40 creatures vanquished.

Table legend:
 A = Non-vault XP
 B = Vault XP
 C = Vault XP percentage of total XP
 D = Non-vault monster count
 E = Vault monster count
 F = Vault count percentage of total count
                 A         B        C        D         E       F
            +---------+---------+-------+---------+---------+-------
      Total |     108 |       0 |   0.0 |      40 |       0 |   0.0
            +---------+---------+-------+---------+---------+-------
        D:1 |      31 |       0 |   0.0 |      19 |       0 |   0.0
        D:2 |      77 |       0 |   0.0 |      21 |       0 |   0.0
            +---------+---------+-------+---------+---------+-------

Illustrated notes

Table legend:
 A = Kills in this place as a percentage of kills in entire the game.
 B = Kills by you in this place as a percentage of kills by you in the entire game.
 C = Kills by friends in this place as a percentage of kills by friends in the entire game.
 D = Other kills in this place as a percentage of other kills in the entire game.
 E = Experience gained in this place as a percentage of experience gained in the entire game.
 F = Experience gained in this place divided by the number of levels of this place that you have seen.
                   A       B       C       D       E      F
               +-------+-------+-------+-------+-------+----------------------
         Total | 100.0 | 100.0 |   N/A |   N/A | 100.0 |  54.0
       Dungeon | 100.0 | 100.0 |   N/A |   N/A | 100.0 |  54.0
               +-------+-------+-------+-------+-------+----------------------

Table legend: (Time is in decaauts)
 A = Elapsed time spent in this place.
 B = Non-inter-level travel time spent in this place.
 C = Inter-level travel time spent in this place.
 D = Time resting spent in this place.
 E = Time spent auto-exploring this place.
 F = Levels seen in this place.
 G = Mean time per level.
                   A        B        C        D        E       F      G
               +--------+--------+--------+--------+--------+-----+--------+
         Total |   2441 |   2402 |     39 |    237 |   1797 |   2 | 1220.5 |
       Dungeon |   2441 |   2402 |     39 |    237 |   1797 |   2 | 1220.5 |
               +--------+--------+--------+--------+--------+-----+--------+

Top non-repeatable levels by time:
     D:2: 1250 daAuts
     D:1: 1190 daAuts
